 Dungeon Crawl Stone Soup version 0.14.0-18-g0341e45 (webtiles) character file.

864 Maka the Spear-Bearer (level 7, 0/50 HPs)
             Began as a Merfolk Gladiator on Apr 20, 2014.
             Was a Follower of Okawaru.
             Killed by nerve-wracking pain
             ... invoked by a shadow imp
             ... summoned by Eustachio
              (5 damage)
             ... on Level 5 of the Dungeon.
             The game lasted 00:13:08 (3322 turns).

Maka the Spear-Bearer (Merfolk Gladiator)           Turns: 3322, Time: 00:13:08

HP   0/50        AC  8     Str 15      XL: 7   Next: 32%
MP   7/7         EV 16     Int  8      God: Okawaru [*.....]
Gold 299         SH  0     Dex 16      Spells:  0 memorised,  6 levels left

rFire  . . .     SeeInvis .     a - +0 trident
rCold  . . .     Clarity  .     h - +2 leather armour
rNeg   . . .     Conserve .     (no shield)
rPois  .         rCorr    .     c - +0 helmet
rElec  .         rRot     .     (no cloak)
SustAb . .       Spirit   .     s - +0 pair of gloves
rMut   .         Warding  .     m - +0 pair of boots
Saprov . . .     Stasis   .     (no amulet)
MR     .....                    (no ring)
                                (no ring)

@: about to teleport, not resistant to hostile enchantments, unstealthy
A: change form in water, swift swim
a: Heroism, Renounce Religion


You were on level 5 of the Dungeon.
You worshipped Okawaru.
Okawaru was aware of your devotion.
You were not hungry.

You visited 1 branch of the dungeon, and saw 5 of its levels.

You collected 299 gold pieces.

Inventory:

Hand weapons
 a - a +0,+0 trident (weapon)
Missiles
 d - 3 throwing nets
 g - 3 javelins (quivered)
Armour
 c - a +0 helmet (worn)
 h - a +2 leather armour (worn)
 m - a +0 pair of boots (worn)
 s - a +0 pair of gloves (worn)
Magical devices
 e - a wand of confusion (0)
 j - a wand of disintegration (13) {unknown}
Comestibles
 f - 4 bread rations
Scrolls
 b - a scroll of fog
 n - 3 scrolls of remove curse
 o - 3 scrolls of random uselessness {unknown}
 q - 2 scrolls of identify
 r - a scroll of enchant weapon I
Potions
 k - a potion of brilliance


   Skills:
 - Level 2.1 Fighting
 + Level 9.0 Polearms
 - Level 2.0 Throwing
 - Level 8.0 Dodging


You had 6 spell levels left.
You didn't know any spells.

Dungeon Overview and Level Annotations

Branches:
Dungeon (5/15)             Temple (0/1) D:4

Altars:
Dithmenos
Elyvilon
Okawaru
Sif Muna
Trog
Vehumet

Shops:
D:4 (

Annotations:
D:5 Eustachio


Message History

The green rat bites you but does no damage.
Eustachio hits you with a falchion!
* * * LOW HITPOINT WARNING * * *
Read which item? (? for menu, Esc to quit)
Okay, then.
Drink which item? (? for menu, Esc to quit)
You feel better. The white imp barely misses you.
The shadow imp closely misses you. The green rat bites you.
* * * LOW HITPOINT WARNING * * *
Read which item? (? for menu, Esc to quit)
As you read the scroll of teleportation, it crumbles to dust.
You feel strangely unstable.
Eustachio mumbles some strange words.
Eustachio blinks!
The shadow imp hits you.
* * * LOW HITPOINT WARNING * * *
The white imp barely misses you.
The crimson imp blinks!
The green rat misses you. The shadow imp gestures at you.
Pain shoots through your body!
You die...

#. #....#
#.########....#
#.............#
#.§§..........######
#...§ ....).........
#...# ########......
#.§r# #...... #.5.#
#......
#.5@##########......
#...................
#..#####............
#.. #............
#.. #............
#.. #............
#.. #............
#.. #............ .
#............


You could see a green rat, a white imp and a shadow imp.

Vanquished Creatures
  An ogre (D:5)
  Duvessa (D:4)
  Blork the orc (D:3)
  A scorpion (D:5)
  Dowan (D:4)
  2 hounds
  An orc priest (D:5)
  An orc wizard (D:5)
  Natasha (D:3)
  3 adders
  An inept feature mimic (D:2)
  A worm zombie (D:5)
  A giant mite (D:4)
  A worm (D:4)
  2 giant geckos
  2 orcs
  A ball python (D:1)
  12 bats
  2 giant cockroaches
  11 hobgoblins
  3 jackals (D:1)
  2 giant newts
  6 goblins
  A jackal skeleton (D:5)
  4 kobolds
  An orc zombie (D:5)
  2 quokkas
  9 rats
75 creatures vanquished.

Notes
Turn   | Place    | Note
--------------------------------------------------------------
     0 | D:1      | Maka, the Merfolk Gladiator, began the quest for the Orb.
     0 | D:1      | Reached XP level 1. HP: 16/16 MP: 1/1
    69 | D:1      | Reached skill level 5 in Polearms
    82 | D:1      | Reached XP level 2. HP: 16/22 MP: 2/2
   820 | D:1      | Reached skill level 6 in Polearms
   820 | D:1      | Reached XP level 3. HP: 27/27 MP: 3/3
  1311 | D:2      | Reached XP level 4. HP: 33/33 MP: 4/4
  1353 | D:2      | Reached skill level 7 in Polearms
  1434 | D:3      | Noticed Blork the orc
  1461 | D:3      | Killed Blork the orc
  1461 | D:3      | Reached skill level 8 in Polearms
  1461 | D:3      | Reached XP level 5. HP: 24/38 MP: 5/5
  1463 | D:3      | Found a deep blue altar of Sif Muna.
  1541 | D:3      | Noticed Natasha
  1560 | D:3      | Killed Natasha
  1801 | D:3      | Found a radiant altar of Vehumet.
  1801 | D:3      | Found an iron altar of Okawaru.
  1805 | D:3      | Became a worshipper of Warmaster Okawaru
  1943 | D:4      | Reached skill level 5 in Dodging
  1954 | D:4      | Found a bloodstained altar of Trog.
  1979 | D:4      | Found Mishai's Antique Weapon Boutique.
  2110 | D:4      | Found a staircase to the Ecumenical Temple.
  2146 | D:4      | Found a shadowy altar of Dithmenos.
  2238 | D:4      | Noticed Dowan
  2239 | D:4      | Noticed Duvessa
  2367 | D:4      | Killed Duvessa
  2367 | D:4      | Reached XP level 6. HP: 13/44 MP: 6/6
  2589 | D:4      | Killed Dowan
  2823 | D:4      | Found a white marble altar of Elyvilon.
  2902 | D:5      | Entered Level 5 of the Dungeon
  3007 | D:5      | Reached XP level 7. HP: 50/50 MP: 7/7
  3236 | D:5      | Acquired Okawaru's first power
  3236 | D:5      | Reached skill level 9 in Polearms
  3308 | D:5      | Noticed Eustachio
  3322 | D:5      | Killed from afar by a shadow imp

Action                   |  1- 3 |  4- 6 |  7- 9 || total
-------------------------+-------+-------+-------++-------
Melee: Trident           |   111 |   156 |    50 ||   317
Throw: Javelin           |       |     7 |     2 ||     9
  Use: Scroll            |     2 |     8 |     3 ||    13
       Potion            |       |     2 |     3 ||     5
